| TOP OF THE 1ST |
|
Miami Marlins batting - Pitching for San Francisco Giants : LHP Randy Johnson Jr.
|
|
Pitching: LHP Randy Johnson Jr.
|
|
|
Batting: RHB Roger Salazar
|
0-0: Called Strike 0-1: Ground out 5-3 (Groundball, 56, EV 84.4 MPH)
|
|
Batting: RHB Tony Stedman
|
0-0: Ball 1-0: Ball 2-0: Called Strike 2-1: Foul Ball, location: 2F 2-2: Ground out U3 (Groundball, 3, EV 98.8 MPH)
|
|
Batting: RHB Jimmy Groseclose
|
0-0: Ball 1-0: Called Strike 1-1: Called Strike 1-2: Ball 2-2: Ground out 5-3 (Groundball, 56, EV 96.9 MPH)
|
| Top of the 1st over - 0 runs, 0 hits, 0 errors, 0 left on base; Miami 0 - San Francisco 0 |
| BOTTOM OF THE 1ST |
|
San Francisco Giants batting - Pitching for Miami Marlins : RHP Link Zeller
|
|
Pitching: RHP Link Zeller
|
|
|
Batting: LHB Andy Bowman
|
0-0: Foul Ball, location: 2F 0-1: Foul Ball, location: 2F 0-2: Ball 1-2: Ball 2-2: Foul Ball, location: 2F 2-2: Fly out, F7 (Line Drive, 7S, EV 104.4 MPH)
|
|
Batting: SHB Ryan Doss
|
0-0: Ball 1-0: Foul Ball, location: 2F 1-1: Fly out, F9 (Flyball, 9D, EV 94.4 MPH)
|
|
Batting: RHB Sean Zielinski
|
0-0: Ball 1-0: Called Strike 1-1: Fly out, F9 (Flyball, 89M, EV 90.6 MPH)
|
| Bottom of the 1st over - 0 runs, 0 hits, 0 errors, 0 left on base; Miami 0 - San Francisco 0 |
| TOP OF THE 2ND |
|
Miami Marlins batting - Pitching for San Francisco Giants : LHP Randy Johnson Jr.
|
|
Batting: RHB Mike Gar
|
0-0: Ball 1-0: Fly out, F9 (Flyball, 89S, EV 91.2 MPH)
|
|
Batting: RHB Bert Clark
|
0-0: Ball 1-0: Ball 2-0: Ground out 5-3 (Groundball, 56, EV 109.4 MPH)
|
|
Batting: RHB Zhi-bin Ou-yang
|
0-0: Called Strike 0-1: Ball 1-1: Ball 2-1: Foul Ball, location: 2F 2-2: Fly out, F7 (Flyball, 7, EV 89.4 MPH)
|
| Top of the 2nd over - 0 runs, 0 hits, 0 errors, 0 left on base; Miami 0 - San Francisco 0 |
| BOTTOM OF THE 2ND |
|
San Francisco Giants batting - Pitching for Miami Marlins : RHP Link Zeller
|
|
Batting: LHB Carey Horncole
|
0-0: Ball 1-0: Called Strike 1-1: DOUBLE (Flyball, 8RXD, EV 100.6 MPH)
|
|
Batting: LHB Luis Magdaleno
|
0-0: Called Strike 0-1: Called Strike 0-2: Strikes out swinging
|
|
Batting: RHB Nick Rigden
|
0-0: Called Strike 0-1: Swinging Strike 0-2: Ball 1-2: Ball 2-2: Ball 3-2: Foul Ball, location: 2F 3-2: SINGLE (Groundball, 4M, EV 98.1 MPH) (infield hit) Carey Horncole to third
|
|
Batting: LHB Tom Best
|
0-0: Fly out, F9 (Flyball, 89S, EV 83.8 MPH)
|
|
Batting: SHB Bill Dooms
|
0-0: Ball 1-0: Fly out, F9 (Flyball, 9LSF, EV 88.8 MPH)
|
| Bottom of the 2nd over - 0 runs, 2 hits, 0 errors, 2 left on base; Miami 0 - San Francisco 0 |
| TOP OF THE 3RD |
|
Miami Marlins batting - Pitching for San Francisco Giants : LHP Randy Johnson Jr.
|
|
Batting: RHB Alberto Cotto
|
0-0: Called Strike 0-1: Ball 1-1: Foul Ball, location: 2F 1-2: Strikes out swinging
|
|
Batting: LHB Jose Bregaro
|
0-0: Called Strike 0-1: Ball 1-1: Swinging Strike 1-2: Ball 2-2: Ball 3-2: SINGLE (Line Drive, 8LS, EV 108.8 MPH)
|
|
Batting: RHB Willie Chavez
|
0-0: Called Strike 0-1: Ball 1-1: Ball 2-1: Foul Ball, location: 2F 2-2: Strikes out swinging
|
|
Batting: RHB Roger Salazar
|
0-0: Called Strike 0-1: Fielders Choice at 2nd, 6-4 (Groundball, 6, EV 90.0 MPH)
|
| Top of the 3rd over - 0 runs, 1 hit, 0 errors, 1 left on base; Miami 0 - San Francisco 0 |
| BOTTOM OF THE 3RD |
|
San Francisco Giants batting - Pitching for Miami Marlins : RHP Link Zeller
|
|
Batting: LHB John Blair
|
0-0: Ground out 1-3 (Groundball, 15S, EV 64.4 MPH)
|
|
Batting: LHB Andy Bowman
|
0-0: Foul Ball, location: 2F 0-1: Swinging Strike 0-2: Strikes out looking
|
|
Batting: SHB Ryan Doss
|
0-0: Called Strike 0-1: Ball 1-1: Ball 2-1: Foul Ball, location: 2F 2-2: Foul Ball, location: 2F 2-2: Foul Ball, location: 2F 2-2: Ball 3-2: SINGLE (Groundball, 6M, EV 86.9 MPH) (infield hit)
|
|
Batting: RHB Sean Zielinski
|
0-0: Ball 1-0: Called Strike 1-1: Foul Ball, location: 2F 1-2: Ball 2-2: Fly out, F7 (Line Drive, 78M, EV 96.2 MPH)
|
| Bottom of the 3rd over - 0 runs, 1 hit, 0 errors, 1 left on base; Miami 0 - San Francisco 0 |
| TOP OF THE 4TH |
|
Miami Marlins batting - Pitching for San Francisco Giants : LHP Randy Johnson Jr.
|
|
Batting: RHB Tony Stedman
|
0-0: Called Strike 0-1: Foul Ball, location: 2F 0-2: Fly out, F4 (Line Drive, 34D, EV 62.5 MPH)
|
|
Batting: RHB Jimmy Groseclose
|
0-0: Ground out 6-3 (Groundball, P, EV 83.8 MPH)
|
|
Batting: RHB Mike Gar
|
0-0: Called Strike 0-1: Ball 1-1: Ball 2-1: Foul Ball, location: 2F 2-2: Ball 3-2: Base on Balls
|
|
Batting: RHB Bert Clark
|
0-0: Called Strike 0-1: Ground out 4-3 (Groundball, 34, EV 101.9 MPH)
|
| Top of the 4th over - 0 runs, 0 hits, 0 errors, 1 left on base; Miami 0 - San Francisco 0 |
| BOTTOM OF THE 4TH |
|
San Francisco Giants batting - Pitching for Miami Marlins : RHP Link Zeller
|
|
Batting: LHB Carey Horncole
|
0-0: Ball 1-0: Fly out, F9 (Flyball, 9LM, EV 91.2 MPH)
|
|
Batting: LHB Luis Magdaleno
|
0-0: Called Strike 0-1: Ball 1-1: Foul Ball, location: 2F 1-2: Foul Ball, location: 2F 1-2: Foul Ball, location: 2F 1-2: Ball 2-2: SINGLE (Line Drive, 56, EV 101.9 MPH)
|
|
Batting: RHB Nick Rigden
|
0-0: Foul Ball, location: 2F 0-1: Ball 1-1: Swinging Strike 1-2: Grounds into double play, U4-3 (Groundball, 6MS, EV 86.9 MPH)
|
| Bottom of the 4th over - 0 runs, 1 hit, 0 errors, 0 left on base; Miami 0 - San Francisco 0 |
| TOP OF THE 5TH |
|
Miami Marlins batting - Pitching for San Francisco Giants : LHP Randy Johnson Jr.
|
|
Batting: RHB Zhi-bin Ou-yang
|
0-0: Ground out 4-3 (Groundball, 4, EV 87.5 MPH)
|
|
Batting: RHB Alberto Cotto
|
0-0: Called Strike 0-1: Ball 1-1: Ball 2-1: Fly out, F9 (Flyball, 89M, EV 94.4 MPH)
|
|
Batting: LHB Jose Bregaro
|
0-0: Fly out, F8 (Line Drive, 8RD, EV 86.2 MPH)
|
| Top of the 5th over - 0 runs, 0 hits, 0 errors, 0 left on base; Miami 0 - San Francisco 0 |
| BOTTOM OF THE 5TH |
|
San Francisco Giants batting - Pitching for Miami Marlins : RHP Link Zeller
|
|
Batting: LHB Tom Best
|
0-0: Foul Ball, location: 2F 0-1: Ball 1-1: Called Strike 1-2: Strikes out looking
|
|
Batting: SHB Bill Dooms
|
0-0: Ball 1-0: Called Strike 1-1: Ground out 6-3 (Groundball, 6MS, EV 88.1 MPH)
|
|
Batting: LHB John Blair
|
0-0: Called Strike 0-1: Ball 1-1: Swinging Strike 1-2: Ball 2-2: Ball 3-2: Fly out, F7 (Flyball, 78M, EV 93.1 MPH)
|
| Bottom of the 5th over - 0 runs, 0 hits, 0 errors, 0 left on base; Miami 0 - San Francisco 0 |
| TOP OF THE 6TH |
|
Miami Marlins batting - Pitching for San Francisco Giants : LHP Randy Johnson Jr.
|
|
Batting: RHB Willie Chavez
|
0-0: Called Strike 0-1: Ground out 6-3 (Groundball, 56, EV 92.5 MPH)
|
|
Batting: RHB Roger Salazar
|
0-0: Called Strike 0-1: Foul Ball, location: 2F 0-2: Ball 1-2: Strikes out swinging
|
|
Batting: RHB Tony Stedman
|
0-0: Swinging Strike 0-1: Called Strike 0-2: Foul Ball, location: 2F 0-2: Ball 1-2: Ball 2-2: Fly out, F8 (Flyball, 8RD, EV 84.4 MPH)
|
| Top of the 6th over - 0 runs, 0 hits, 0 errors, 0 left on base; Miami 0 - San Francisco 0 |
| BOTTOM OF THE 6TH |
|
San Francisco Giants batting - Pitching for Miami Marlins : RHP Link Zeller
|
|
Batting: LHB Andy Bowman
|
0-0: Ball 1-0: Swinging Strike 1-1: Fly out, F8 (Flyball, 8LD, EV 108.1 MPH)
|
|
Batting: SHB Ryan Doss
|
0-0: Called Strike 0-1: SINGLE (Groundball, 34D, EV 90.6 MPH) (infield hit)
|
|
Batting: RHB Sean Zielinski
|
0-0: Called Strike Ryan Doss steals 2nd base 0-1: SINGLE (Groundball, 4MD, EV 96.2 MPH) Ryan Doss to third Runner from 3rd tries for Home, SAFE, throw by CF to home
|
|
Batting: LHB Carey Horncole
|
0-0: Ball 1-0: Ball Wild Pitch! Sean Zielinski to second 2-0: Intentional Walk
|
|
Batting: LHB Luis Magdaleno
|
0-0: Called Strike 0-1: Ball 1-1: Fly out, F8 (Flyball, 8LD, EV 75.6 MPH) Runner from 2nd tags up, SAFE at 3rd with throw by CF
|
|
Batting: RHB Nick Rigden
|
0-0: Ball 1-0: Fly out, F7 (Line Drive, 7S, EV 98.1 MPH)
|
| Bottom of the 6th over - 1 run, 2 hits, 0 errors, 2 left on base; Miami 0 - San Francisco 1 |
| TOP OF THE 7TH |
|
Miami Marlins batting - Pitching for San Francisco Giants : LHP Randy Johnson Jr.
|
|
Batting: RHB Jimmy Groseclose
|
0-0: Ball 1-0: Called Strike 1-1: Ball 2-1: Foul Ball, location: 2F 2-2: Ball 3-2: SINGLE (Line Drive, 78M, EV 106.2 MPH)
|
|
Batting: RHB Mike Gar
|
0-0: Swinging Strike 0-1: Foul Ball, location: 2F 0-2: Strikes out swinging
|
|
Pinch Runner at 1st Andre Gorter:
|
|
|
Batting: RHB Bert Clark
|
0-0: Ball 1-0: Ball 2-0: Called Strike 2-1: Fly out, F7 (Flyball, 78M, EV 85.6 MPH)
|
|
Batting: RHB Zhi-bin Ou-yang
|
0-0: Called Strike Andre Gorter is caught stealing 2nd base 2-4
|
| Top of the 7th over - 0 runs, 1 hit, 0 errors, 0 left on base; Miami 0 - San Francisco 1 |
| BOTTOM OF THE 7TH |
|
San Francisco Giants batting - Pitching for Miami Marlins : RHP Link Zeller
|
|
Now in CF: Andre Gorter
|
|
|
Now in RF: Jose Bregaro
|
|
|
Batting: LHB Tom Best
|
0-0: Ball 1-0: Swinging Strike 1-1: Ball 2-1: Ball 3-1: Ground out 4-3 (Groundball, 4M, EV 100.6 MPH)
|
|
Batting: SHB Bill Dooms
|
0-0: DOUBLE (Line Drive, 9LS, EV 102.5 MPH)
|
|
Batting: LHB John Blair
|
0-0: DOUBLE (Line Drive, 89D, EV 105.0 MPH) Bill Dooms scores
|
|
Batting: LHB Andy Bowman
|
0-0: SINGLE (Line Drive, 8LS, EV 100.6 MPH) John Blair to third Runner from 3rd tries for Home, SAFE, throw by CF to home
|
|
Batting: SHB Ryan Doss
|
0-0: Swinging Strike 0-1: Foul Ball, location: 2F 0-2: Strikes out swinging
|
|
Batting: RHB Sean Zielinski
|
0-0: Called Strike 0-1: Ball 1-1: Foul Ball, location: 2F 1-2: Ball 2-2: Strikes out swinging
|
| Bottom of the 7th over - 2 runs, 3 hits, 0 errors, 1 left on base; Miami 0 - San Francisco 3 |
| TOP OF THE 8TH |
|
Miami Marlins batting - Pitching for San Francisco Giants : LHP Randy Johnson Jr.
|
|
Pitching: RHP Filip Nebylitsin
|
|
|
Batting: RHB Zhi-bin Ou-yang
|
0-0: Swinging Strike 0-1: Ball 1-1: Foul Ball, location: 2F 1-2: Ball 2-2: Ball 3-2: Foul Ball, location: 2F 3-2: DOUBLE (Line Drive, 9LS, EV 98.1 MPH)
|
|
Batting: RHB Alberto Cotto
|
0-0: Ball 1-0: Ground out 5-3 (Groundball, 5, EV 103.1 MPH)
|
|
Batting: LHB Jose Bregaro
|
0-0: Swinging Strike 0-1: Ball 1-1: Ball 2-1: 2-RUN HOME RUN (Flyball, 9D, EV 101.9 MPH), Distance : 372 ft
|
|
Batting: SHB Ramon Martinez
|
0-0: Ball 1-0: Foul Ball, location: 2F 1-1: Ball 2-1: Foul Ball, location: 2F 2-2: Ball 3-2: Foul Ball, location: 2F 3-2: Strikes out swinging
|
|
Batting: RHB Roger Salazar
|
0-0: Called Strike 0-1: Ball 1-1: Ball 2-1: SINGLE (Groundball, 6MD, EV 104.4 MPH)
|
|
Pitching: RHP Andrew Kindig
|
|
|
Batting: RHB Tony Stedman
|
0-0: Called Strike 0-1: Foul Ball, location: 2F 0-2: Fly out, F9 (Flyball, 9LSF, EV 91.9 MPH)
|
| Top of the 8th over - 2 runs, 3 hits, 0 errors, 1 left on base; Miami 2 - San Francisco 3 |
| BOTTOM OF THE 8TH |
|
San Francisco Giants batting - Pitching for Miami Marlins : RHP Link Zeller
|
|
Batting: LHB Carey Horncole
|
0-0: Ball 1-0: Ball 2-0: Ball 3-0: Called Strike 3-1: Called Strike 3-2: SINGLE (Groundball, 6MD, EV 94.4 MPH)
|
|
Batting: LHB Luis Magdaleno
|
0-0: Ball 1-0: Swinging Strike 1-1: Foul Ball, location: 2F 1-2: Strikes out looking
|
|
Batting: RHB Nick Rigden
|
0-0: Ball 1-0: Swinging Strike 1-1: Fly out, F9 (Flyball, 9, EV 88.8 MPH)
|
|
Pitching: RHP Kwang-sik Kim
|
|
|
Batting: LHB Tom Best
|
0-0: Called Strike 0-1: Ball 1-1: Ball 2-1: Foul Ball, location: 2F 2-2: Ground out 4-3 (Groundball, 34, EV 98.1 MPH)
|
| Bottom of the 8th over - 0 runs, 1 hit, 0 errors, 1 left on base; Miami 2 - San Francisco 3 |
| TOP OF THE 9TH |
|
Miami Marlins batting - Pitching for San Francisco Giants : RHP Andrew Kindig
|
|
Batting: LHB Andre Gorter
|
0-0: Ball 1-0: Called Strike 1-1: SINGLE (Flyball, 6MD, EV 96.2 MPH)
|
|
Batting: RHB Mike Gar
|
0-0: Ball Andre Gorter steals 2nd base 1-0: Foul Ball, location: 2F 1-1: Ball 2-1: Ball 3-1: Foul Ball, location: 2F 3-2: Foul Ball, location: 2F 3-2: Base on Balls
|
|
Batting: RHB Bert Clark
|
0-0: Swinging Strike 0-1: Ball 1-1: Called Strike 1-2: Foul Ball, location: 2F 1-2: Grounds into double play, 4-6-3 (Groundball, 13, EV 83.8 MPH) Andre Gorter to third
|
|
Batting: RHB Zhi-bin Ou-yang
|
0-0: Ball 1-0: Ground out 6-3 (Groundball, 6, EV 108.1 MPH)
|
| Top of the 9th over - 0 runs, 1 hit, 0 errors, 1 left on base; Miami 2 - San Francisco 3 |
|